 Dungeon Crawl Stone Soup version 0.29.1-12-g30fa7ad0bf (webtiles) character file.

Game seed: 253898360307920228

34 MisterFreud the Twirler (level 3, -4/29 HPs)
             Began as a Formicid Gladiator on Jan 6, 2023.
             Was a Follower of Yredelemnul.
             Slain by a gnoll
             ... wielding a +2 halberd of freezing
              (5 damage)
             ... on level 2 of the Dungeon.
             The game lasted 00:01:49 (1485 turns).

MisterFreud the Twirler (Formicid Gladiator)        Turns: 1485, Time: 00:01:51

Health: -4/29      AC:  3    Str: 20    XL:     3   Next: 50%
Magic:  3/3        EV: 12    Int: 13    God:    Yredelemnul [*.....]
Gold:   94         SH:  0    Dex: 15    Spells: 2/2 levels left

rFire   . . .      SeeInvis +   a - +1 quarterstaff
rCold   . . .      Faith    .   (no shield)
rNeg    . . .      Spirit   .   b - +0 leather armour
rPois   .          Reflect  .   (helmet unavailable)
rElec   .          Harm     .   (no cloak)
rCorr   .          Rampage  .   (no gloves)
Will    .....                   (no boots)
Stlth   +.........              (no amulet)
HPRegen 0.09/turn               e - +6 ring of intelligence
MPRegen 0.08/turn               (no ring)

@: no status effects
A: permanent stasis, dig shafts and tunnels, antennae 3, four strong arms
a: Dig, Shaft Self, Renounce Religion, Recall Undead Harvest


You were on level 2 of the Dungeon.
You worshipped Yredelemnul.
Yredelemnul was noncommittal.
You visited 1 branch of the dungeon, and saw 2 of its levels.

You collected 94 gold pieces.

Inventory:

Hand Weapons
 a - a +1 quarterstaff (weapon)
Missiles
 c - 3 throwing nets (quivered)
 d - a javelin
 h - 2 datura-tipped darts
Armour
 b - a +0 leather armour (worn)
Jewellery
 e - a +6 ring of intelligence (left hand)
Scrolls
 g - a scroll of immolation
Potions
 i - a potion of brilliance
 j - a potion of degeneration {unknown}


   Skills:
 + Level 3.2 Fighting
 - Level 3.6 Staves
 - Level 2.0 Throwing
 - Level 2.6 Dodging


You had 2 spell levels left.
You didn't know any spells.
Your spell library was empty.

Dungeon Overview and Level Annotations

Branches:
Dungeon (2/15)

Altars:
Yredelemnul

Shops:
D:2 (*


Innate Abilities, Weirdness & Mutations

You cannot be hasted, slowed, berserked, paralysed or teleported.
You can dig through walls and to a lower floor.
You have a pair of large antennae on your head. (SInv)
Your four strong arms can wield two-handed weapons with a shield.


Message History

Your bat zombie completely misses the ball python.
The ball python bites you but does no damage.
The ball python misses you.
A ball python is nearby!
You hit the ball python. Your punch misses the ball python.
The ball python is severely wounded.
Your bat zombie closely misses the ball python.
Your bat zombie barely misses the ball python.
The ball python misses you. The ball python barely misses you.
Your bat zombie barely misses the ball python.
A ball python is nearby!
You hit the ball python.
You kill the ball python!
The dead are slithering!
You swap places.
Key pressed, stopping explore.
No target in view!
A gnoll is nearby!
A gnoll is nearby!
A gnoll is nearby!
The gnoll barely misses you.
There are monsters nearby!
The gnoll shouts!
The gnoll barely misses you.
You barely miss the gnoll.
The gnoll hits you with a +2 halberd of freezing!
The gnoll freezes you.
You hit the gnoll but do no damage. The gnoll closely misses you.
You hit the gnoll.
The gnoll is lightly wounded.
The gnoll hits you with a +2 halberd of freezing.
The gnoll freezes you.
You are too injured to fight recklessly!
You hit the gnoll.
The gnoll is moderately wounded.
The gnoll hits you with a +2 halberd of freezing!
* * * LOW HITPOINT WARNING * * *
The gnoll freezes you.
You die...
Your body rises from the dead as a mindless zombie.

##...####
#.### ....Z#
#...# .....#
###.# ....##
#.# .#..# #Z#
....# #Z#
..#.# #Z#
..#... #Z#
#####...
####@### ..#
..( #...g.<#
..# ..
#...g..# .[..
#g.....# .####
#####......#
..
#..........#
≈≈.
#.###......#
#......#
#......##.!###


You could see 3 gnolls, a friendly bat zombie, a friendly ball python zombie and
2 friendly kobold zombies.

Vanquished Creatures
  An adder (D:2)
  4 ball pythons
  2 endoplasms (D:2)
  2 giant cockroaches
  3 goblins
  A hobgoblin (D:1)
  4 kobolds (D:2)
  A quokka (D:1)
  A bat (D:2)
  A frilled lizard (D:2)
20 creatures vanquished.

Vanquished Creatures (others)
  A kobold zombie (D:2)
1 creature vanquished.

Grand Total: 21 creatures vanquished

Notes
Turn   | Place    | Note
-------+----------+-------------------------------------------
     0 | D:1      | MisterFreud the Formicid Gladiator began the quest for the
                  | Orb.
     0 | D:1      | Reached XP level 1. HP: 16/16 MP: 1/1
   230 | D:1      | Reached XP level 2. HP: 21/22 MP: 2/2
   266 | D:1      | Found a faded altar of an unknown god.
   801 | D:1      | You fall into a shaft and drop 1 floor!
   801 | D:2      | Found Kuvuawir's Weapon Shop.
   986 | D:2      | Found Moreofy's General Store.
  1017 | D:2      | Reached XP level 3. HP: 18/28 MP: 3/3
  1232 | D:2      | Found a basalt altar of Yredelemnul.
  1248 | D:2      | Became a worshipper of Yredelemnul the Dark
  1455 | D:2      | Reached * piety under Yredelemnul
  1485 | D:2      | HP: 1/29 [gnoll/+2 halberd of freezing (13)]
  1485 | D:2      | Slain by a gnoll

Illustrated notes

Levels and vault maps discovered:
D:1:      saegor_arrival_under_anarchy, layout_loops_cross,
          dreamdust_ecumenical_altar_grove, serial_bayou_lake_a
D:2:      layout_loops_cross, basic_altar, serial_shops, shop,
          nicolae_lakefront_shop, nicolae_shop_hallway_plus,
          nicolae_shop_crystal, shop_fountains, minmay_goblin_kobold_house

Skill      XL: |  1  2  3 |
---------------+----------+-----
Fighting       | 3 |  3.2
Staves         | |  3.6
Throwing       | |  2.0
Dodging        | |  2.6

Action                   || total
-------------------------++-------
Melee: Quarterstaff      ||    56
 Abil: Shaft Self        ||     1
  Use: Scroll            ||     5
       Potion            ||     1
Armor: Leather armour    ||    13
Dodge: Dodged            ||    42
